[Event "Titled Tuesday Blitz June 15 2021"]
[White "Cunjalo, Faris"]
[Black "Zubov, Alexander"]
[WhiteFideId "14410710"]
[BlackFideId "14109409"]
[WhiteElo "2234"]
[BlackElo "2740"]
[Result "0-1"]
[Round "09"]
[TimeControl "180+1"]
[Date "2021.06.15"]
[WhiteClock "0:00:02"]
[BlackClock "0:00:20"]

1. c4 e5 2. g3 Nc6 3. Bg2 Bc5 4. Nc3 d6 5. e3 a6 6. Nf3 Nf6 7. d4 Ba7 8. h3 O-O 9. O-O h6 10. b3 Bf5 11. dxe5 dxe5 12. Ba3 Re8 13. Qxd8 Raxd8 14. Rfd1 e4 15. Nd2 Rd3 16. Bb2 Red8 17. Nf1 Nb4 18. g4 Bg6 19. Rxd3 Nxd3 20. Rd1 Re8 21. Ba3 Bc5 22. Bxc5 Nxc5 23. Ng3 a5 24. Rd4 c6 25. Kf1 Kh7 26. Ke2 Re5 27. Rd8 h5 28. gxh5 Bxh5+ 29. Kd2 Bg6 30. Bf1 Re7 31. Be2 Rd7+ 32. Rxd7 Nfxd7 33. h4 Kh6 34. Kc2 f5 35. a3 Na6 36. Na4 Bh7 37. Kc3 g5 38. hxg5+ Kxg5 39. b4 axb4+ 40. axb4 f4 41. exf4+ Kxf4 42. c5 Nc7 43. Nh5+ Ke5 44. Nb2 Nd5+ 45. Kb3 Bg8 46. Nc4+ Kd4 47. Ka4 Nc3+ 0-1


[Site "https://www.chess.com"]

[Event "Titled Tuesday Blitz June 15 2021"]
[White "Demchenko, Anton"]
[Black "Hansen, Eric"]
[WhiteFideId "4160258"]
[BlackFideId "2606771"]
[WhiteElo "2593"]
[BlackElo "2568"]
[Result "0-1"]
[Round "09"]
[TimeControl "180+1"]
[Date "2021.06.15"]
[WhiteClock "0:00:09"]
[BlackClock "0:00:20"]

1. e4 c5 2. Nf3 e6 3. g3 Nc6 4. Bg2 e5 5. O-O Nf6 6. d3 d6 7. Bg5 Be7 8. Nbd2 h6 9. Bxf6 Bxf6 10. a4 g6 11. Nc4 Bg7 12. Nfd2 O-O 13. Ne3 Be6 14. c3 Ne7 15. f4 exf4 16. gxf4 f5 17. Kh1 Qd7 18. Qe2 Rae8 19. Qf2 Kh7 20. Qg3 d5 21. e5 d4 22. cxd4 Qxd4 23. Ndc4 b6 24. Rad1 Rd8 25. h4 h5 26. Nc2 Qd7 27. b3 Ng8 28. d4 Bxc4 29. bxc4 Qxa4 30. Qc3 cxd4 31. Nxd4 Nh6 32. Bc6 Qa6 33. Ne6 Qc8 34. Nxf8+ Rxf8 35. Qf3 Rf7 36. Rd6 Ng4 37. Rfd1 Rc7 38. Kg2 Kh6 39. Bd7 Qf8 40. Be6 b5 41. cxb5 Rc2+ 42. R6d2 Qc5 43. Rxc2 Qxc2+ 44. Kg3 Qh2# 0-1


[Site "https://www.chess.com"]

[Event "Titled Tuesday Blitz June 15 2021"]
[White "Donchenko, Alexander"]
[Black "Yoo, Christopher Woojin"]
[WhiteFideId "24603295"]
[BlackFideId "30909694"]
[WhiteElo "2553"]
[BlackElo "2009"]
[Result "1-0"]
[Round "09"]
[TimeControl "180+1"]
[Date "2021.06.15"]
[WhiteClock "0:00:05"]
[BlackClock "0:00:07"]

1. e4 c5 2. Nf3 e6 3. g3 Nc6 4. Bg2 Nf6 5. Qe2 Be7 6. O-O d5 7. exd5 exd5 8. d4 cxd4 9. Nbd2 O-O 10. Nb3 Bg4 11. h3 Bxf3 12. Qxf3 Qb6 13. Rd1 Rac8 14. a3 Ne4 15. Qd3 Bf6 16. Bxe4 dxe4 17. Qxe4 Rfe8 18. Qf5 a5 19. Bg5 Ne7 20. Qg4 Bxg5 21. Qxg5 Rxc2 22. Nxd4 Rxb2 23. Qe3 Qf6 24. Rab1 Rxb1 25. Rxb1 Rb8 26. Re1 Ng6 27. Nb5 b6 28. h4 h6 29. Nc3 Qc6 30. Qd4 b5 31. h5 Nf8 32. Nd5 Qc4 33. Qe5 Rd8 34. Ne7+ Kh8 35. Nf5 f6 36. Qe7 Ne6 37. Qxe6 Qc3 38. Qe7 Rg8 39. Rd1 Qb3 40. Ne3 b4 41. axb4 axb4 42. Rd7 Qb1+ 43. Kg2 b3 44. Rb7 Qd3 45. Qb4 Qe2 46. Qxb3 Qxh5 47. Qf7 Qg5 48. Qe6 Qg6 49. Rb4 Qh5 50. Rh4 Qg5 51. Nf5 Kh7 52. Qd7 Rh8 53. Qe6 Rg8 54. Rf4 Qg6 55. Ne7 Re8 56. Nxg6 Rxe6 57. Nf8+ Kg8 58. Nxe6 Kf7 59. Nd4 g6 60. Re4 g5 61. Re3 Kg6 62. g4 f5 1-0


[Site "https://www.chess.com"]

[Event "Titled Tuesday Blitz June 15 2021"]
[White "Eljanov, Pavel"]
[Black "Praggnanandhaa R"]
[WhiteFideId "14102951"]
[BlackFideId "25059530"]
[WhiteElo "2602"]
[BlackElo "2555"]
[Result "0-1"]
[Round "09"]
[TimeControl "180+1"]
[Date "2021.06.15"]
[WhiteClock "0:00:04"]
[BlackClock "0:00:11"]

1. Nf3 Nf6 2. g3 g6 3. Bg2 Bg7 4. c4 O-O 5. d4 d6 6. Nc3 Nbd7 7. O-O e5 8. e4 b6 9. h3 Bb7 10. d5 Nc5 11. Qc2 a5 12. Be3 Nh5 13. a3 f5 14. exf5 gxf5 15. b4 axb4 16. axb4 Rxa1 17. Rxa1 f4 18. bxc5 fxe3 19. fxe3 e4 20. Nd4 Qg5 21. Qd2 Nxg3 22. cxd6 cxd6 23. Ne6 Bxc3 24. Qxc3 Ne2+ 25. Kh1 Qg3 26. Qe1 Rf2 27. Qxf2 Qxf2 0-1


[Site "https://www.chess.com"]

[Event "Titled Tuesday Blitz June 15 2021"]
[White "Fier, Alexandr"]
[Black "Zhigalko, Sergei"]
[WhiteFideId "2107139"]
[BlackFideId "13502956"]
[WhiteElo "2569"]
[BlackElo "2662"]
[Result "0-1"]
[Round "09"]
[TimeControl "180+1"]
[Date "2021.06.15"]
[WhiteClock "0:01:10"]
[BlackClock "0:01:09"]

1. d4 Nf6 2. Bg5 d5 3. Bxf6 exf6 4. e3 Bd6 5. g3 O-O 6. Bg2 c6 7. Ne2 Re8 8. Nd2 Nd7 9. c4 dxc4 10. Nxc4 Bb4+ 11. Nc3 Nb6 12. Nxb6 axb6 13. O-O Bxc3 14. bxc3 Be6 15. Qc2 b5 16. e4 Bc4 17. Rfe1 Qa5 18. h4 Qa4 19. Qd2 Qa3 20. h5 h6 21. f4 Red8 22. e5 fxe5 23. fxe5 b4 24. Rec1 Bxa2 25. cxb4 Qxg3 26. Rc3 Qg4 27. Rd1 Bd5 28. Kh2 Ra2 29. Rc2 Rxc2 30. Qxc2 Bxg2 31. Rg1 Qh3# 0-1


[Site "https://www.chess.com"]

[Event "Titled Tuesday Blitz June 15 2021"]
[White "Gormally, Daniel W"]
[Black "Alavkin, Arseny"]
[WhiteFideId "406465"]
[BlackFideId "4120612"]
[WhiteElo "2543"]
[BlackElo "2401"]
[Result "1-0"]
[Round "09"]
[TimeControl "180+1"]
[Date "2021.06.15"]
[WhiteClock "0:01:00"]
[BlackClock "0:01:40"]

1. d4 Nf6 2. Bg5 d5 3. e3 c5 4. Nd2 Nc6 5. c3 Bf5 6. dxc5 a5 7. Bb5 e6 8. Ngf3 Bxc5 9. Nd4 Bxd4 10. exd4 O-O 11. O-O Bg6 12. Re1 Qb6 13. Qb3 Rfc8 14. Bf1 Qc7 15. Qd1 a4 16. b3 Qa5 17. b4 Qc7 18. a3 Na7 19. Rc1 b5 20. Qf3 Ne8 21. h4 h6 22. Bf4 Qe7 23. h5 Bh7 24. Qg3 Nf6 25. Bxh6 Nxh5 26. Qg4 Bg6 27. Bg5 Qd6 28. Nf3 f6 29. Bxf6 Nxf6 30. Qxg6 Ne4 31. Rxe4 dxe4 32. Ng5 Qf4 33. Qh7+ Kf8 34. Nxe6+ 1-0


[Site "https://www.chess.com"]

[Event "Titled Tuesday Blitz June 15 2021"]
[White "Howell, David W L"]
[Black "Timofeev, Artyom"]
[WhiteFideId "410608"]
[BlackFideId "4140419"]
[WhiteElo "2643"]
[BlackElo "2582"]
[Result "1-0"]
[Round "09"]
[TimeControl "180+1"]
[Date "2021.06.15"]
[WhiteClock "0:00:08"]
[BlackClock "0:00:12"]

1. d4 Nf6 2. Bg5 b6 3. Bxf6 exf6 4. Nf3 Bb7 5. g3 g6 6. Bg2 Bg7 7. O-O O-O 8. c4 d5 9. cxd5 Bxd5 10. Nc3 Bb7 11. e3 f5 12. b4 Nd7 13. b5 c5 14. bxc6 Bxc6 15. Qb3 Rc8 16. Rfc1 Qe7 17. a4 Rfd8 18. a5 Rb8 19. axb6 Rxb6 20. Nd5 Bxd5 21. Qxd5 a6 22. Rc7 Nf6 23. Qc4 Nd7 24. h4 h6 25. Rxa6 Rb1+ 26. Kh2 Kh7 27. Raa7 Qe8 28. Nd2 Rb2 29. Qc3 Rbb8 30. Bc6 Rbc8 31. Bxd7 Rxc7 32. Qxc7 Qe7 33. Bc6 1-0


[Site "https://www.chess.com"]

[Event "Titled Tuesday Blitz June 15 2021"]
[White "Indjic, Aleksandar"]
[Black "Yanchenko, Roman"]
[WhiteFideId "911925"]
[BlackFideId "4137329"]
[WhiteElo "2643"]
[BlackElo "2514"]
[Result "1-0"]
[Round "09"]
[TimeControl "180+1"]
[Date "2021.06.15"]
[WhiteClock "0:01:59"]
[BlackClock "0:01:29"]

1. d4 d5 2. c4 c6 3. Nf3 Nf6 4. Nc3 g6 5. h3 Bg7 6. cxd5 cxd5 7. Bf4 Nc6 8. e3 a6 9. Bd3 Bf5 10. Bxf5 gxf5 11. O-O O-O 12. Rc1 Rc8 13. Na4 e6 14. Nc5 Qe7 15. Qb3 Na5 16. Qb4 Nc4 17. b3 b6 18. Nxa6 Qa7 19. Nc7 Na3 20. Rc6 Ne4 21. Rfc1 Rfe8 22. Nxe8 1-0


[Site "https://www.chess.com"]

[Event "Titled Tuesday Blitz June 15 2021"]
[White "Iskusnyh, Sergei"]
[Black "Gabrielian, Artur"]
[WhiteFideId "4120027"]
[BlackFideId "4131002"]
[WhiteElo "2492"]
[BlackElo "2539"]
[Result "0-1"]
[Round "09"]
[TimeControl "180+1"]
[Date "2021.06.15"]
[WhiteClock "0:00:02"]
[BlackClock "0:00:12"]

1. d4 Nf6 2. c4 c5 3. d5 e6 4. Nc3 exd5 5. cxd5 d6 6. Nf3 g6 7. Nd2 Nbd7 8. e4 Bg7 9. Be2 O-O 10. O-O Re8 11. a4 Ne5 12. Ra3 a6 13. h3 g5 14. Nf3 Nxf3+ 15. Bxf3 h6 16. Re1 Rb8 17. a5 Nd7 18. Be2 Ne5 19. Bf1 f5 20. Bd2 f4 21. Na4 Bd7 22. Nb6 Bb5 23. Bc3 Bxf1 24. Rxf1 Qe7 25. Bxe5 Bxe5 26. Nc4 Bd4 27. Re1 Qf6 28. Qg4 Re7 29. Re2 Rbe8 30. Rb3 Qg6 31. Nxd6 Qxd6 32. Rb6 Qd7 33. Rg6+ Bg7 34. Qh5 Rxe4 35. Rxe4 Rxe4 36. Qxh6 Re1+ 37. Kh2 Re5 38. d6 c4 39. Qh5 Re6 40. Rxg5 Qxd6 41. f3 Qe7 42. Qg4 Re5 43. Rg6 Kh7 44. Rb6 Rg5 45. Qh4+ Kg8 46. Rxb7 Rxg2+ 47. Kxg2 Qxh4 0-1


[Site "https://www.chess.com"]

[Event "Titled Tuesday Blitz June 15 2021"]
[White "Javakhadze, Zurab"]
[Black "Sychev, Klementy"]
[WhiteFideId "13603647"]
[BlackFideId "4114060"]
[WhiteElo "2381"]
[BlackElo "2615"]
[Result "1-0"]
[Round "09"]
[TimeControl "180+1"]
[Date "2021.06.15"]
[WhiteClock "0:00:18"]
[BlackClock "0:00:02"]

1. Nf3 Nf6 2. c4 d6 3. Nc3 g6 4. d4 Bg7 5. g3 O-O 6. Bg2 Nbd7 7. O-O e5 8. b3 Re8 9. e4 exd4 10. Nxd4 Nc5 11. Re1 Ng4 12. Nd5 c6 13. Nf4 Ne5 14. Be3 g5 15. Nfe2 Ng4 16. Bc1 d5 17. exd5 Qf6 18. Rf1 Rxe2 19. Qxe2 Qxd4 20. Qe8+ Bf8 21. Bxg5 h6 22. Be7 Nd7 23. dxc6 bxc6 24. Bxc6 Ngf6 25. Qd8 Rb8 26. Bxf8 Bb7 27. Rad1 Rxd8 28. Rxd4 Bxc6 29. Be7 Re8 30. Bxf6 Nxf6 31. Rd6 Re6 32. Rfd1 Kf8 33. Rxe6 fxe6 34. Rd6 Bb7 35. Rxe6 Ng4 36. h3 Kf7 37. Rd6 Ke7 38. Rg6 Ne5 39. Rxh6 Nf3+ 40. Kf1 1-0


[Site "https://www.chess.com"]

[Event "Titled Tuesday Blitz June 15 2021"]
[White "Jobava, Baadur"]
[Black "Rud_Makarian"]
[WhiteFideId "13601520"]
[WhiteElo "2748"]
[BlackElo "2777"]
[Result "1-0"]
[Round "09"]
[TimeControl "180+1"]
[Date "2021.06.15"]
[WhiteClock "0:01:35"]
[BlackClock "0:00:56"]

1. e4 e5 2. Nf3 Nc6 3. d4 exd4 4. Nxd4 Nf6 5. Nxc6 bxc6 6. Bd3 d5 7. exd5 cxd5 8. O-O Be7 9. Re1 O-O 10. h3 c6 11. Nd2 Be6 12. Nf3 c5 13. b3 h6 14. Bb2 Rb8 15. Be5 Rb7 16. Qe2 Nd7 17. Bg3 Bf6 18. Rad1 Qa5 19. c4 Nb6 20. Be5 Bxe5 21. Nxe5 Rc7 22. cxd5 Nxd5 23. Qf3 Nf6 24. Re2 Qb4 25. Rde1 Rd8 26. Bc4 Re8 27. Nxf7 Kxf7 28. Rxe6 Rxe6 29. Rxe6 Kf8 30. Qa8+ 1-0


[Site "https://www.chess.com"]

[Event "Titled Tuesday Blitz June 15 2021"]
[White "Jumabayev, Rinat"]
[Black "Manafov, Vugar"]
[WhiteFideId "13702661"]
[BlackFideId "13410814"]
[WhiteElo "2535"]
[BlackElo "2274"]
[Result "1-0"]
[Round "09"]
[TimeControl "180+1"]
[Date "2021.06.15"]
[WhiteClock "0:00:02"]
[BlackClock "0:00:02"]

1. d4 Nf6 2. c3 e6 3. Bg5 Be7 4. Nd2 h6 5. Bh4 d6 6. e4 Nc6 7. Bd3 e5 8. Bb5 Bd7 9. Ne2 O-O 10. Ba4 exd4 11. cxd4 Nxe4 12. Nxe4 Bxh4 13. O-O Re8 14. N4c3 Ne7 15. Bb3 Ng6 16. Ng3 Be6 17. Bxe6 Rxe6 18. Qb3 b6 19. Nf5 Qg5 20. Qd5 Nf4 21. Qxa8+ Kh7 22. Nxh4 Qxh4 23. g3 Qg4 24. Rae1 Nh3+ 25. Kg2 Nf4+ 26. Kh1 d5 27. Re3 Qh3 28. Rg1 Rxe3 29. fxe3 Nd3 30. Rd1 Qf5 31. Qxd5 Qxd5+ 32. Nxd5 Nf2+ 33. Kg1 Nxd1 34. Nxc7 Nxe3 35. b3 Kg6 36. Kf2 Nc2 37. d5 Kf6 38. d6 Nd4 39. g4 Ke5 40. d7 Nc6 41. Ke3 g6 42. Nb5 a6 43. Nd4 Nd8 44. Nf3+ Ke6 45. Ke4 Kxd7 46. Ne5+ Ke6 47. Nd3 Nb7 48. Nf4+ Kd6 49. Kd4 Nc5 50. Ne2 Ne6+ 51. Ke4 Nc5+ 52. Kd4 Ke6 53. h4 h5 54. Nf4+ Kf6 55. gxh5 gxh5 56. Nxh5+ Kf5 57. Ng7+ Kg6 58. Ne8 f5 59. Nd6 f4 60. Ne4 Ne6+ 61. Ke5 Kf7 62. h5 f3 63. Kf5 Ng7+ 64. Kg4 Ke6 65. Ng5+ Ke5 66. Nxf3+ Kf6 67. Ng5 Nf5 68. Ne4+ Ke5 69. Nd2 Ne3+ 70. Kg5 Nd5 71. Nc4+ Ke6 72. Kg6 Ne7+ 73. Kg5 b5 74. h6 Nf5 75. h7 Nd6 76. Nxd6 1-0


[Site "https://www.chess.com"]

[Event "Titled Tuesday Blitz June 15 2021"]
[White "Khanin, Semen"]
[Black "Nakamura, Hikaru"]
[WhiteFideId "4111990"]
[BlackFideId "2016192"]
[WhiteElo "2521"]
[BlackElo "2900"]
[Result "0-1"]
[Round "09"]
[TimeControl "180+1"]
[Date "2021.06.15"]
[WhiteClock "0:00:03"]
[BlackClock "0:00:49"]

1. e4 c5 2. Nf3 d6 3. d4 cxd4 4. Nxd4 Nf6 5. Nc3 a6 6. f3 e5 7. Nb3 Be6 8. Be3 h5 9. Qd2 Nbd7 10. O-O-O Rc8 11. h4 Be7 12. Bg5 b5 13. a3 Qb6 14. Nd5 Nxd5 15. exd5 Bf5 16. Bd3 Bxd3 17. Qxd3 a5 18. Bxe7 Kxe7 19. Rhe1 Kf8 20. Kb1 a4 21. Nc1 g6 22. Na2 Rc4 23. Re4 Nc5 24. Qe3 Rxe4 25. fxe4 Kg7 26. Nb4 Qd8 27. g3 Qd7 28. Rf1 Qg4 29. Qf2 Rf8 30. Qf6+ Kg8 31. Qe7 Nxe4 32. Re1 Nd2+ 33. Ka1 Qxg3 34. Rd1 Ne4 35. Nc6 Qg2 36. Kb1 Qf3 37. Rd3 Qf1+ 38. Ka2 Qe2 39. Qc7 Kg7 40. Nb4 Qg4 41. Qb6 Qxh4 42. Qxb5 Qf6 43. Qc4 Nc5 44. Rg3 h4 45. Rg1 h3 46. Qg4 h2 47. Rh1 Rh8 48. Nc6 Qf4 49. Qg2 e4 50. Nd4 e3 51. Ne2 Qf2 52. Qg4 Qf5 53. Qd4+ Qe5 54. Qd3 Nxd3 0-1


[Site "https://www.chess.com"]

[Event "Titled Tuesday Blitz June 15 2021"]
[White "Materia, Marco"]
[Black "Urazayev, Arystanbek"]
[WhiteFideId "45150451"]
[BlackFideId "13709810"]
[WhiteElo "2627"]
[BlackElo "2321"]
[Result "1/2-1/2"]
[Round "09"]
[TimeControl "180+1"]
[Date "2021.06.15"]
[WhiteClock "0:00:48"]
[BlackClock "0:00:21"]

1. d4 d5 2. c4 e6 3. Nc3 Nf6 4. Bg5 Bb4 5. e3 O-O 6. Bd3 h6 7. Bh4 c5 8. Nf3 Nc6 9. O-O cxd4 10. exd4 Be7 11. Re1 dxc4 12. Bxc4 Nb4 13. Qb3 Nbd5 14. Bxd5 Nxd5 15. Bxe7 Nxe7 16. Rad1 Qc7 17. Ne5 Bd7 18. Nxd7 Qxd7 19. d5 Nxd5 20. Nxd5 exd5 21. Qxd5 Qxd5 22. Rxd5 Rfd8 23. Red1 Rxd5 24. Rxd5 Rc8 25. Kf1 Rc2 26. Rb5 b6 27. a4 g5 28. a5 Rc6 29. Ke2 Kg7 30. axb6 axb6 31. Kf3 Re6 32. g3 Kg6 33. h3 f5 34. Kg2 h5 35. Kf3 g4+ 36. hxg4 hxg4+ 37. Kg2 Rf6 38. f3 Kg5 39. fxg4 Kxg4 40. Rb4+ Kg5 41. Kf3 Rd6 42. Rb5 Rh6 43. Rb4 Rc6 44. Rb5 Kf6 45. g4 fxg4+ 46. Kxg4 Ke6 47. Kf3 Kd6 48. Ke3 Kc7 49. Kd3 Rh6 50. Kc3 Kc6 51. Rg5 Rh3+ 52. Kc2 Rh4 53. Kc3 Kb7 54. Kb3 Ka6 55. Ka3 b5 56. b4 Rh3+ 57. Kb2 Rh6 58. Kb3 Rb6 59. Kc3 Kb7 60. Kd4 Ka6 61. Kc5 Rh6 62. Rd5 Rg6 63. Rd6+ Rxd6 64. Kxd6 Kb6 65. Kd5 Ka6 66. Kc5 Ka7 67. Kxb5 Kb7 68. Kc5 Kc7 69. b5 Kb7 70. b6 Kb8 71. Kc6 Kc8 72. b7+ Kb8 73. Kb6 1/2-1/2


[Site "https://www.chess.com"]

[Event "Titled Tuesday Blitz June 15 2021"]
[White "Mekhitarian, Krikor Sevag"]
[Black "Chigaev, Maksim"]
[WhiteFideId "2107660"]
[BlackFideId "4108116"]
[WhiteElo "2598"]
[BlackElo "2646"]
[Result "1-0"]
[Round "09"]
[TimeControl "180+1"]
[Date "2021.06.15"]
[WhiteClock "0:00:02"]
[BlackClock "0:00:02"]

1. e4 c5 2. Nf3 e6 3. d4 cxd4 4. Nxd4 Nc6 5. Nc3 Qc7 6. g3 a6 7. Bg2 Nf6 8. O-O Nxd4 9. Qxd4 Bc5 10. Bf4 d6 11. Qd3 h6 12. Na4 e5 13. Nxc5 exf4 14. Nb3 fxg3 15. hxg3 Be6 16. Rfd1 Rd8 17. Nd4 O-O 18. Nxe6 fxe6 19. Rd2 Kh8 20. Re1 Ng4 21. Qd4 b5 22. c3 Qf7 23. f3 Ne5 24. f4 Nc4 25. Rf2 Qc7 26. b3 Nb6 27. e5 d5 28. Bh3 Rde8 29. Re3 Nc8 30. Kh2 Qc6 31. c4 bxc4 32. bxc4 dxc4 33. Bg2 Qc7 34. Rb2 Ne7 35. Rc3 Nf5 36. Qxc4 Qf7 37. Qe2 a5 38. Rb7 Qg6 39. Qf2 Rb8 40. Rcb3 Rxb7 41. Rxb7 h5 42. Bh3 Rc8 43. Rb2 a4 44. Rd2 Rc3 45. Bxf5 Qxf5 46. Qd4 Rc1 47. Qd8+ Kh7 48. Qd3 Qxd3 49. Rxd3 Rc2+ 50. Kh3 Rxa2 51. Rd6 a3 52. Rxe6 Ra1 53. Ra6 a2 54. Kg2 g6 55. Ra7+ Kg8 56. Kh2 Kf8 57. Kg2 Ke8 58. Kh2 Kd8 59. Kg2 Kc8 60. Kh2 Kb8 61. Ra3 Kc7 62. Kg2 Kc6 63. Ra8 Kd5 64. Ra6 Kc5 65. Kh2 Kd5 66. Kg2 Kc5 67. e6 Re1 68. Rxa2 Rxe6 69. Rd2 Rd6 70. Re2 Kd5 71. Kh3 Re6 72. Ra2 Kd6 73. Kh4 Ke7 74. Kg5 Rd6 75. Ra7+ Kf8 76. Ra5 Kf7 77. Ra7+ Kf8 78. Kh6 Rf6 79. Rb7 h4 80. gxh4 Rxf4 81. Kg5 Re4 82. Kxg6 1-0


[Site "https://www.chess.com"]

[Event "Titled Tuesday Blitz June 15 2021"]
[White "Moskalenko, Alexander"]
[Black "Gunina, Valentina"]
[WhiteFideId "4155351"]
[BlackFideId "4167570"]
[WhiteElo "2495"]
[BlackElo "2399"]
[Result "1-0"]
[Round "09"]
[TimeControl "180+1"]
[Date "2021.06.15"]
[WhiteClock "0:00:02"]
[BlackClock "0:00:02"]

1. d4 d5 2. c4 c6 3. Nf3 Nf6 4. e3 Bg4 5. h3 Bh5 6. Nc3 Nbd7 7. cxd5 cxd5 8. Qb3 Bxf3 9. gxf3 e6 10. f4 Rb8 11. Bd3 g6 12. Bd2 Be7 13. Rc1 O-O 14. Ke2 a6 15. Rcg1 b5 16. h4 Nh5 17. Rg4 f5 18. Rgg1 Nb6 19. Ke1 Kh8 20. Be2 Nc4 21. Nd1 Rc8 22. Qd3 a5 23. a3 b4 24. a4 Qd7 25. b3 Nxd2 26. Qxd2 Rc7 27. Bxh5 gxh5 28. Qe2 Qe8 29. Kd2 Bf6 30. Rg3 Rg8 31. Rxg8+ Kxg8 32. Rg1+ Kh8 33. Qa6 Qc8 34. Qxa5 Rc1 35. Ke2 Bxh4 36. Qxb4 Qc2+ 37. Qd2 Qc7 38. Kf3 Be7 39. Qd3 h4 40. Qa6 Rc6 41. Qa8+ Bd8 42. Nb2 Rd6 43. Nd3 Qf7 44. Ne5 Qh5+ 45. Kg2 h3+ 46. Kh2 h6 47. Qb7 Rb6 48. Nf7+ Kh7 49. Qd7 1-0


[Site "https://www.chess.com"]

[Event "Titled Tuesday Blitz June 15 2021"]
[White "Nesterov, Arseniy"]
[Black "Ivanisevic, Ivan"]
[WhiteFideId "24198455"]
[BlackFideId "912417"]
[WhiteElo "2441"]
[BlackElo "2499"]
[Result "0-1"]
[Round "09"]
[TimeControl "180+1"]
[Date "2021.06.15"]
[WhiteClock "0:00:01"]
[BlackClock "0:00:09"]

1. d4 Nf6 2. c4 e6 3. Nf3 d5 4. Nc3 Nbd7 5. Bg5 h6 6. Bh4 c6 7. e3 g5 8. Bg3 Nh5 9. Bd3 Nxg3 10. hxg3 Bg7 11. g4 Nb6 12. cxd5 exd5 13. Bf5 Nc4 14. Qc2 Nd6 15. Bxc8 Qxc8 16. Nh2 Qe6 17. O-O-O O-O-O 18. Kb1 Kb8 19. Qe2 Rhe8 20. Qf3 Rf8 21. Nf1 f5 22. gxf5 Rxf5 23. Qe2 Nc4 24. Ng3 Rf7 25. Nh5 Bh8 26. b3 Nd6 27. f3 Nf5 28. Rde1 c5 29. g4 Nh4 30. f4 cxd4 31. exd4 Qxe2 32. Rxe2 Bxd4 33. Nb5 Bb6 34. f5 a6 35. Nc3 d4 36. Ne4 d3 37. Rd2 Nf3 38. Rdd1 Rd4 39. Rh3 Ne5 40. Nf2 Nxg4 41. Nxg4 Rxg4 42. f6 Rd4 43. Rhxd3 Rxd3 44. Rxd3 Kc7 45. Rd5 Kc6 46. Rd3 Bc5 47. Kc2 Bd6 48. Kc3 Be5+ 49. Kc4 b5+ 50. Kb4 Bxf6 51. Ka5 Be7 52. Kxa6 Bc5 53. Rd7 Rxd7 0-1


[Site "https://www.chess.com"]

[Event "Titled Tuesday Blitz June 15 2021"]
[White "Oparin, Grigoriy"]
[Black "Lazavik, Denis"]
[WhiteFideId "24125890"]
[BlackFideId "13515110"]
[WhiteElo "2628"]
[BlackElo "2436"]
[Result "0-1"]
[Round "09"]
[TimeControl "180+1"]
[Date "2021.06.15"]
[WhiteClock "0:00:44"]
[BlackClock "0:00:27"]

1. b3 d5 2. Bb2 Nf6 3. Nf3 c6 4. e3 Bf5 5. d3 e6 6. Nbd2 h6 7. g3 Be7 8. Bg2 O-O 9. O-O a5 10. a3 Nbd7 11. Qe2 Bh7 12. e4 b5 13. Rfe1 Qb6 14. e5 Ne8 15. h4 Nc7 16. Nh2 a4 17. b4 c5 18. bxc5 Bxc5 19. Ndf3 b4 20. axb4 Qxb4 21. Reb1 a3 22. Bc1 Qa4 23. Rb3 Rfb8 24. Nd2 Nb5 25. Nhf3 a2 26. c3 Nc7 27. Rxb8+ Rxb8 28. Nf1 Ra8 29. Ne1 Nb5 30. Qb2 Bf8 31. Ne3 Nc5 32. c4 Nb3 33. cxb5 Nxa1 34. Qxa1 Qxb5 35. Bf1 Qb1 36. N1c2 Rc8 37. Bb2 Rxc2 38. Nxc2 Qxc2 39. Qxa2 Bxd3 40. Bxd3 Qxd3 41. Qa8 Qb1+ 0-1


[Site "https://www.chess.com"]

[Event "Titled Tuesday Blitz June 15 2021"]
[White "Ozen, Bahadir"]
[Black "Har-Zvi, Ronen"]
[WhiteFideId "6337058"]
[BlackFideId "2801485"]
[WhiteElo "2503"]
[BlackElo "2523"]
[Result "0-1"]
[Round "09"]
[TimeControl "180+1"]
[Date "2021.06.15"]
[WhiteClock "0:00:20"]
[BlackClock "0:01:05"]

1. Nf3 d5 2. e3 c6 3. c4 Nf6 4. Nc3 a6 5. Qc2 Bg4 6. Ne5 Be6 7. cxd5 cxd5 8. d4 g6 9. Be2 Bg7 10. O-O O-O 11. Bd2 Nbd7 12. Nf3 b5 13. Rac1 Nb6 14. b3 b4 15. Na4 Nxa4 16. bxa4 a5 17. Bb5 Ne4 18. Qb2 Bd7 19. a3 Bxb5 20. axb5 Qd7 21. Rc6 Nd6 22. a4 Nc4 23. Qc2 Rfc8 24. Rxc8+ Rxc8 25. Rc1 Nb6 26. Qb1 Rxc1+ 27. Qxc1 Nxa4 28. Qc2 Nb6 29. Qc5 Qd8 30. Be1 e6 31. Nd2 Bf8 32. Qc6 a4 33. Nb1 a3 34. Qc2 Qd7 35. Qxg6+ 0-1


[Site "https://www.chess.com"]

[Event "Titled Tuesday Blitz June 15 2021"]
[White "Paravyan, David"]
[Black "Ponkratov, Pavel"]
[WhiteFideId "4194985"]
[BlackFideId "4157800"]
[WhiteElo "2562"]
[BlackElo "2636"]
[Result "0-1"]
[Round "09"]
[TimeControl "180+1"]
[Date "2021.06.15"]
[WhiteClock "0:00:15"]
[BlackClock "0:01:27"]

1. d4 Nf6 2. Nf3 c5 3. d5 b5 4. c4 g6 5. a3 bxc4 6. Nc3 Bg7 7. e4 Ba6 8. e5 Ng4 9. Bf4 d6 10. exd6 exd6 11. Qe2+ Kd7 12. Ng5 Re8 13. Ne6 fxe6 14. Qxg4 Bxc3+ 15. bxc3 Qf6 16. Kd2 Kc7 17. Re1 Nd7 18. dxe6 Rab8 19. Qg3 Rxe6 20. Be2 Rb2+ 21. Kd1 Qf5 0-1


[Site "https://www.chess.com"]

[Event "Titled Tuesday Blitz June 15 2021"]
[White "Shahade, Gregory"]
[Black "Jones, Gawain C B"]
[WhiteFideId "2009064"]
[BlackFideId "409561"]
[WhiteElo "2729"]
[BlackElo "2657"]
[Result "0-1"]
[Round "09"]
[TimeControl "180+1"]
[Date "2021.06.15"]
[WhiteClock "0:00:08"]
[BlackClock "0:00:12"]

1. e4 c5 2. Nf3 d6 3. d4 cxd4 4. Nxd4 Nf6 5. Nc3 g6 6. Be3 Bg7 7. f3 Nc6 8. Qd2 O-O 9. O-O-O d5 10. Qe1 e5 11. Nxc6 bxc6 12. exd5 Nxd5 13. Bc4 Be6 14. Ne4 Qc7 15. Bc5 Rfd8 16. Qh4 h6 17. g4 Nf4 18. Bxe6 Rxd1+ 19. Rxd1 Nxe6 20. Be3 Nf4 21. Nf6+ Bxf6 22. Qxf6 Re8 23. Qd6 Ne2+ 24. Kb1 Qb7 25. Qd2 Nf4 26. Bxf4 exf4 27. Qxf4 Kg7 28. h4 c5 29. g5 h5 30. Qf6+ Kh7 31. b3 c4 32. Kb2 Re6 33. Qc3 cxb3 34. axb3 Rc6 35. Qe5 Re6 36. Qc3 Rc6 37. Qe3 Re6 38. Qf4 Qe7 39. Qd4 Re2 40. Qc3 Re3 41. Rd3 Rxd3 42. Qxd3 Qe5+ 43. Qc3 Qf4 44. b4 Qxh4 45. Qf6 Qxb4+ 46. Kc1 Qe1+ 47. Kb2 Qe6 48. Qd4 Qb6+ 49. Qxb6 axb6 0-1


[Site "https://www.chess.com"]

[Event "Titled Tuesday Blitz June 15 2021"]
[White "Shevchenko, Kirill"]
[Black "Xiong, Jeffery"]
[WhiteFideId "14129574"]
[BlackFideId "2047640"]
[WhiteElo "2569"]
[BlackElo "2724"]
[Result "1-0"]
[Round "09"]
[TimeControl "180+1"]
[Date "2021.06.15"]
[WhiteClock "0:00:06"]
[BlackClock "0:00:39"]

1. e4 e5 2. Nf3 Nc6 3. Bb5 Nf6 4. O-O Nxe4 5. d4 Nd6 6. Ba4 e4 7. Ne5 b5 8. Bb3 Na5 9. Bxf7+ Nxf7 10. Nxf7 Kxf7 11. Qh5+ g6 12. Qd5+ Kg7 13. Qxa8 Bd6 14. Qxe4 Bb7 15. d5 Re8 16. Qd4+ Be5 17. Qd3 Nc4 18. Nd2 Nb6 19. Nf3 Bf6 20. d6 cxd6 21. Bf4 Nc4 22. Rae1 Ne5 23. Qxd6 Re6 24. Qd1 Nxf3+ 25. gxf3 Qe8 26. Bg3 Bxb2 27. Rxe6 Qxe6 28. Re1 Bxf3 29. Rxe6 Bxd1 30. Re7+ Kf6 31. Rxd7 Be2 32. Rxa7 h5 33. Bd6 Bc4 34. Bc5 Ke6 35. a4 bxa4 36. Rxa4 Bd5 37. Bd4 Bc1 38. Be3 Bb2 39. Bd4 Bc1 40. Ra6+ Kf5 41. Rf6+ Ke4 42. Be3 Bxe3 43. fxe3 Kxe3 44. Rxg6 Be4 45. Re6 Kd4 46. c3+ Kd5 47. Re7 1-0


[Site "https://www.chess.com"]